 Dungeon Crawl Stone Soup version 0.17.1-1-g73c8601 (webtiles) character file.

267470 Alreadydead the Alchemist (level 19, -3/244 HPs)
             Began as a White Draconian Transmuter on Dec 26, 2015.
             Was the Champion of Cheibriados.
             Slain by a slime creature (8 damage)
             ... on level 2 of the Vaults.
             The game lasted 02:25:07 (51158 turns).

Alreadydead the Alchemist (DrTm)                   Turns: 51158, Time: 02:25:07

Health: -3/244     AC: 20    Str: 41    XL:     19   Next: 35%
Magic:  12/37      EV: 20    Int: 30    God:    Cheibriados [******]
Gold:   1685       SH:  0    Dex: 30    Spells: 10 memorised, 3 levels left

rFire  x . .     SeeInvis +       - Unarmed
rCold  + + .     Clarity  .     (armour unavailable)
rNeg   . . .     SustAt   .     (shield currently unavailable)
rPois  +         Gourm    .     (helmet currently unavailable)
rElec  .         Spirit   .     (cloak currently unavailable)
rCorr  +         Warding  .     (gloves currently unavailable)
rMut   .         Stasis   .     (boots currently unavailable)
MR     +....                    O - amulet of resist corrosion
Stlth  ++........               C - +4 ring of evasion
                                y - ring of see invisible

@: lethally poisoned (-3 -> -3), dragon-form, flying, very slow, somewhat
resistant to hostile enchantments, unstealthy
A: breathe frost, unfitting armour, blurry vision 1, clever 1, clumsy 1, (cold
resistance 0), (cold-blooded), AC +10
a: Breathe Frost, End Transformation, Bend Time, Temporal Distortion, Slouch,
Step From Time, Renounce Religion
}: 2/15 runes: decaying, serpentine


You were on level 2 of the Vaults.
You worshipped Cheibriados.
Cheibriados was exalted by your worship.
You were not hungry.
You were a fearsome dragon!
You visited 7 branches of the dungeon, and saw 37 of its levels.
You also visited: Labyrinth and Ice Cave.

You collected 4108 gold pieces.
You spent 2423 gold pieces at shops.

Inventory:

Missiles
 a - 540 arrows
Armour
 i - a +0 pair of boots (melded)
 q - a +2 cloak (melded)
 r - a +1 pair of gloves (melded)
 G - the +0 mask of the Dragon (melded) {MR+ Slay+3 SInv}
   (You bought it in a shop on level 4 of the Orcish Mines)

   It affects your accuracy and damage with ranged weapons and melee attacks
   (+3).
   It affects your resistance to hostile enchantments.
   It lets you see invisible.
Jewellery
 d - an uncursed ring of flight
 h - an uncursed ring of fire
 m - the ring of the Dropbear {MR+ Dex+5}
   (You bought it in a shop on level 4 of the Orcish Mines)

   [ring of protection from magic]

   It affects your dexterity (+5).
   It affects your resistance to hostile enchantments.
 y - a ring of see invisible (left foreclaw)
 B - an uncursed ring of sustain attributes
 C - a +4 ring of evasion (right foreclaw)
 O - an amulet of resist corrosion (around neck)
 T - an uncursed ring of protection from cold
 U - an uncursed ring of positive energy
Wands
 K - a wand of digging (13)
 N - a wand of heal wounds (3)
Scrolls
 e - 6 scrolls of immolation
 g - 2 scrolls of identify
 l - 2 scrolls of recharging
 n - 5 scrolls of amnesia
 p - a scroll of enchant armour
 v - 4 scrolls of magic mapping
 w - 16 scrolls of remove curse
 x - 8 scrolls of teleportation
 z - 3 scrolls of fear
 I - a scroll of blinking
 P - a scroll of fog
 Q - a scroll of enchant weapon
Potions
 b - 4 potions of mutation
 k - a potion of flight
 t - 18 potions of curing
 A - 3 potions of magic
 E - 2 potions of resistance
 L - 4 potions of heal wounds
Books
 o - a book of Spatial Translocations

   Spells                             Type                      Level
   a - Apportation                    Translocation                1
   b - Blink                          Translocation                2
   c - Shroud of Golubria             Charms/Translocation         2
   d - Portal Projectile              Translocation                3
   e - Teleport Other                 Translocation                3
   f - Passage of Golubria            Translocation                4
 s - the Tome of Confrontation
   (You found it on level 6 of the Lair of Beasts)

   Spells                             Type                      Level
   a - Throw Flame                    Conjuration/Fire             2
   b - Conjure Flame                  Conjuration/Fire             3
   c - Throw Icicle                   Conjuration/Ice              4
   d - Iskenderun's Battlesphere      Conjuration/Charms           5
   e - Bolt of Cold                   Conjuration/Ice              6
Comestibles
 c - 13 bread rations
 f - 14 fruits
 j - a meat ration
 u - 2 royal jellies
 J - 2 beef jerkies


   Skills:
 - Level 13.0 Fighting
 - Level 11.0 Dodging
 - Level 10.0 Unarmed Combat
 - Level 14.0 Spellcasting
 - Level 20.2 Transmutations
 - Level 10.0 Ice Magic
 + Level 14.4 Invocations


You had 3 spell levels left.
You knew the following spells:

 Your Spells              Type           Power        Failure   Level  Hunger
a - Blink                 Tloc           N/A          3%          2    None
b - Sticks to Snakes      Trmt           #######...   0%          2    None
c - Ozocubu's Armour      Chrm/Ice       ######..     1%          3    None
d - Blade Hands           Trmt           #######...   0%          5    None
e - Dragon Form           Trmt           #######...   1%          7    #####..
f - Irradiate             Conj/Trmt      ######....   1%          5    None
g - Hydra Form            Trmt           #######...   1%          6    ####...
h - Statue Form           Trmt/Erth      ######...    8%          6    ####...
i - Teleport Other        Tloc           ###.....     10%         3    None
j - Condensation Shield   Ice            ######....   1%          4    None


Dungeon Overview and Level Annotations

Branches:
Dungeon (14/15)            Temple (1/1) D:7            Lair (8/8) D:8
  Swamp (4/4) Lair:4        Snake (4/4) Lair:3        Slime (0/6) Lair:7
    Orc (4/4) D:12            Elf (0/3) Orc:3        Vaults (2/5) D:13
  Crypt: Vaults:2-3

Altars:
Ashenzari
Cheibriados
Dithmenos
Elyvilon
Fedhas
Gozag
Kikubaaqudgha
Makhleb
Nemelex Xobeh
Okawaru
Qazlal
Ru
Sif Muna
Trog
Vehumet
Xom
Yredelemnul
Zin
The Shining One
Beogh
Jiyva
Lugonu

Shops:
D:8 ?(   D:13 *   Orc:3 [   Orc:4 ([=*   Snake:2 ::?[(

Annotations:
Lair:1 exclusion: 3 oklob plants


Innate Abilities, Weirdness & Mutations

You can breathe waves of freezing cold.
You can buffet flying creatures when you breathe cold.
Your icy white scales are hard (AC +10).
Your body does not fit into most forms of armour.
((Your flesh is cold resistant.))
((You are cold-blooded and may be slowed by cold attacks.))
Scrolls take you a little longer to read.
Your mind is acute. (Int +2)
You are clumsy. (Dex -2)


Message History

You feel sick.
Casting: Hydra Form
Confirm with . or Enter, or press ? or * to list all spells.
Your transformation has ended.
Your +2 cloak unmelds from your body.
The +0 mask of the Dragon {MR+ Slay+3 SInv} unmelds from your body.
Your +1 pair of gloves unmelds from your body.
Your +0 pair of boots unmelds from your body.
You turn into a fearsome dragon!
Your +2 cloak melds into your body.
The +0 mask of the Dragon {MR+ Slay+3 SInv} melds into your body.
Your +1 pair of gloves melds into your body.
Your +0 pair of boots melds into your body.
Unknown command.
You feel sick.
Your icy armour evaporates.
You feel sick.
You maul the slime creature!!!
You tail-slap the slime creature.
The slime creature is almost dead.
You feel sick. The slime creature hits you!
You die...

######'#### ..
#.........#...
#.........'...
#....(....#
#.....)...#
#....<....#
#.........#
#.J.......#
#D...(.(..#
###########


You could see a slime creature.

Vanquished Creatures
  the Lernaean hydra (Swamp:4)
  Nikola (Vaults:1)
  A lich (Vaults:1)
  A tentacled monstrosity (Vaults:1)
  Gastronok (D:9)
  2 thorn hunters
  Roxanne (Snake:1)
  7 greater nagas
  A frost giant (Vaults:1)
  3 vault wardens
  2 fire giants (Vaults:1)
  Aizul (Snake:3)
  Louise (Swamp:2)
  An orc warlord (Orc:4)
  2 ironheart preservers
  3 stone giants
  Nessos (D:12)
  The ghost of karlm the Cleaver, a journeyman MiFi of Okawaru (Lair:2)
  2 ettins
  4 yaktaur captains
  A minotaur (Lab)
  A fire dragon (Vaults:1)
  2 ice dragons
  Fannar (D:11)
  16 naga warriors
  Erolcha (Orc:2)
  4 anacondas
  A great orb of eyes (Vaults:1)
  An entropy weaver (Vaults:2)
  A catoblepas (Lair:8)
  23 hydras
  2 ghost crabs
  9 alligators
  6 ogre magi
  2 centaur warriors
  An orc high priest (Orc:4)
  17 death yaks
  6 shock serpents
  15 naga sharpshooters
  2 deep elf knights (Vaults:1)
  An ice devil (IceCv)
  A salamander mystic (Snake:3)
  The ghost of Musteatbrain the Skirmisher, a novice DsFi (D:8)
  A spriggan druid (Swamp:4)
  6 sea snakes (Snake:4)
  4 skeletal warriors (D:13)
  6 unseen horrors
  A shambling mangrove (Swamp:2)
  7 naga ritualists
  9 swamp dragons (Swamp:4)
  An anubis guard (shapeshifter) (Vaults:1)
  A deep elf summoner (Vaults:1)
  An obsidian statue (D:14)
  Pikel (D:6)
  A necromancer (IceCv)
  8 orc knights
  6 hill giants
  A wizard (Vaults:1)
  2 lindwurms (Lair:8)
  2 oklob plants (Lair:7)
  4 hornets
  6 griffons
  A harpy (shapeshifter) (Vaults:2)
  9 mana vipers
  A wolf spider (Vaults:1)
  12 salamanders
  4 orc sorcerers (Orc:4)
  3 ironbrand convokers (Vaults:1)
  20 ugly things
  6 cyclopes
  A shining eye (shapeshifter) (D:12)
  4 manticores
  5 guardian serpents
  Maurice (D:8)
  A salamander (shapeshifter) (D:14)
  4 vault sentinels
  18 spiny frogs
  18 elephants
  6 torpor snails (Lair:8)
  3 ice statues
  40 black mambas
  21 naga magi
  7 komodo dragons
  2 fire drakes
  4 kobold demonologists
  8 blue devils (IceCv)
  A deep elf priest (Vaults:1)
  9 yaktaurs (Vaults:1)
  3 giant leeches
  5 trolls
  7 two-headed ogres
  3 bog bodies
  2 freezing wraiths
  3 boulder beetles
  11 blink frogs
  4 polar bears
  45 slime creatures
  4 shadows
  A snapping turtle (shapeshifter) (Vaults:1)
  3 trapdoor spiders (Lab)
  2 wyverns
  A spriggan (D:8)
  A redback (Vaults:2)
  2 wyverns (shapeshifter) (Vaults:1)
  24 vampire mosquitoes
  2 basilisks
  Eustachio (D:3)
  35 yaks
  4 deep elf magi
  9 hungry ghosts
  11 wolves
  5 swamp worms
  A soldier ant (D:13)
  2 wargs
  9 hippogriffs
  53 nagas
  A mottled dragon (Vaults:1)
  24 water moccasins
  5 porcupines
  3 necrophages
  A slave (D:6)
  A phantom (D:9)
  5 ice beasts
  5 wasps
  4 boggarts (Vaults:1)
  5 sky beasts
  13 swamp drakes
  3 black bears
  2 eyes of draining
  25 ogres
  34 orc warriors
  14 centaurs
  5 brain worms
  21 crocodiles
  An elf simulacrum (Vaults:1)
  24 giant frogs
  A gnoll sergeant (D:9)
  A brain worm (shapeshifter) (Vaults:1)
  2 big kobolds
  A giant frog (shapeshifter) (D:13)
  2 wyvern skeletons (D:13)
  A water moccasin skeleton (D:4)
  3 scorpions
  15 wights
  11 killer bees (D:13)
  4 lava snakes (Lab)
  A centaur zombie (D:7)
  4 crimson imps
  24 orc priests
  14 jellies
  36 orc wizards
  4 quasits
  4 giant frog skeletons
  A gnoll shaman (D:8)
  7 centaur skeletons
  4 giant frog zombies
  9 worker ants
  Terence (D:2)
  A hell rat (D:8)
  13 hounds
  12 iguanas
  A spriggan simulacrum (IceCv)
  5 troll simulacra (IceCv)
  A killer bee zombie (D:10)
  21 sheep
  3 hound skeletons
  A hound zombie (D:7)
  3 ogre simulacra (IceCv)
  18 gnolls
  A naga simulacrum (IceCv)
  92 river rats
  22 adders
  5 shadow imps
  17 oozes
  4 adder skeletons
  23 worms
  228 orcs
  9 bats
  6 giant cockroaches
  12 goblins
  12 hobgoblins
  17 jackals
  11 quokkas
  6 ball pythons
  A giant cockroach zombie (D:5)
  8 giant geckos
  A giant gecko zombie (D:3)
  8 giant newts
  A jackal zombie (D:8)
  25 kobolds
  A quokka skeleton (D:10)
  A quokka zombie (D:6)
  13 rats
  A briar patch (Swamp:4)
  A bush (Lair:7)
  A fungus (Lair:7)
  5 plants
1639 creatures vanquished.

Vanquished Creatures (collateral kills)
  2 hydras
  Sonja (D:11)
  An ugly thing (D:11)
  A hungry ghost (D:11)
  A swamp worm (Swamp:4)
  An orc warrior (D:7)
  A centaur (D:11)
  A crocodile (D:8)
  Blork the orc (D:5)
  An iguana (D:4)
  A worker ant (D:5)
  A gnoll (D:8)
  An adder skeleton (D:4)
  An orc (D:8)
  A giant gecko skeleton (D:4)
  A giant newt (D:5)
  A quokka (D:8)
  A rat (D:8)
19 creatures vanquished.

Vanquished Creatures (others)
  A spiny frog (Swamp:2)
  A swamp drake (Swamp:4)
  A briar patch (Swamp:4)
  25 fungi
  13 plants
41 creatures vanquished.

Grand Total: 1699 creatures vanquished

Notes
Turn   | Place    | Note
--------------------------------------------------------------
     0 | D:1      | Alreadydead the Draconian Transmuter began the quest for the Orb.
     0 | D:1      | Reached XP level 1. HP: 16/16 MP: 3/3
   114 | D:1      | Reached XP level 2. HP: 21/23 MP: 5/5
   883 | D:1      | Learned a level 2 spell: Sticks to Snakes
  1275 | D:1      | Reached XP level 3. HP: 26/28 MP: 6/6
  1296 | D:1      | Learned a level 3 spell: Spider Form
  1458 | D:2      | Reached skill level 4 in Transmutations
  1761 | D:2      | Reached XP level 4. HP: 35/35 MP: 7/7
  2163 | D:2      | Noticed Terence
  2174 | D:2      | Killed Terence
  2376 | D:2      | Reached skill level 5 in Transmutations
  2690 | D:3      | Found a blossoming altar of Fedhas.
  3475 | D:3      | Found a shadowy altar of Dithmenos.
  3499 | D:3      | Reached XP level 5. HP: 28/40 MP: 8/8
  3790 | D:3      | Noticed a giant frog
  3823 | D:3      | Killed a giant frog
  4330 | D:2      | Reached skill level 6 in Transmutations
  4666 | D:3      | Found a shimmering altar of Xom.
  5004 | D:4      | Reached XP level 6. HP: 41/47 MP: 5/10
  5688 | D:2      | Learned a level 5 spell: Blade Hands
  5747 | D:4      | Noticed Eustachio
  5768 | D:3      | Killed Eustachio
  5991 | D:4      | Reached skill level 7 in Transmutations
  6058 | D:4      | Your scales start taking on an icy white colour.
  6058 | D:4      | Gained mutation: Your flesh is cold resistant. [White Draconian growth]
  6058 | D:4      | Reached XP level 7. HP: 25/52 MP: 11/11
  7242 | D:4      | Found a white marble altar of Elyvilon.
  7443 | D:5      | Entered Level 5 of the Dungeon
  7871 | D:5      | Noticed Blork the orc
  7978 | D:5      | Killed Blork the orc
  8248 | D:5      | Reached skill level 8 in Transmutations
  8422 | D:5      | Found an opulent altar of Gozag.
  8422 | D:5      | Found a sparkling altar of Nemelex Xobeh.
  8735 | D:5      | Reached skill level 9 in Transmutations
  9159 | D:5      | Reached XP level 8. HP: 59/59 MP: 6/12
  9844 | D:6      | Reached skill level 5 in Unarmed Combat
 10325 | D:6      | Found a shattered altar of Ashenzari.
 10384 | D:6      | Found an iron altar of Okawaru.
 10751 | D:6      | Noticed Pikel
 10761 | D:6      | Killed Pikel
 10761 | D:6      | Reached skill level 5 in Dodging
 10761 | D:6      | Reached XP level 9. HP: 53/64 MP: 8/13
 10892 | D:7      | Found a staircase to the Ecumenical Temple.
 10920 | Temple   | Entered the Ecumenical Temple
 11377 | D:7      | Found a shadowy altar of Dithmenos.
 11385 | D:7      | Found a deep blue altar of Sif Muna.
 11386 | D:7      | Found a basalt altar of Yredelemnul.
 11564 | D:8      | Noticed Musteatbrain's ghost (novice DsFi)
 11727 | D:8      | Found a staircase to the Lair.
 11728 | D:8      | Reached skill level 10 in Transmutations
 12093 | D:7      | Became a worshipper of Sif Muna the Loreminder
 12350 | D:8      | Found Ynant's Antique Weapon Shoppe.
 12399 | D:8      | Noticed Maurice
 12407 | D:8      | Killed Maurice
 12407 | D:8      | Reached * piety under Sif Muna
 12407 | D:8      | Reached skill level 11 in Transmutations
 12594 | D:7      | Reached XP level 10. HP: 41/71 MP: 4/14
 12833 | D:8      | Found Plog's Magic Scroll Emporium.
 12856 | D:8      | Bought a scroll of identify for 22 gold pieces
 12856 | D:8      | Bought a scroll of teleportation for 33 gold pieces
 12856 | D:8      | Bought a scroll of teleportation for 33 gold pieces
 13229 | D:9      | Found a glowing golden altar of the Shining One.
 13551 | D:9      | Reached skill level 12 in Transmutations
 13899 | D:9      | Reached ** piety under Sif Muna
 13921 | D:9      | Found a snail-covered altar of Cheibriados.
 13942 | D:9      | Noticed Gastronok
 13956 | D:9      | Killed Gastronok
 13956 | D:9      | Reached *** piety under Sif Muna
 15398 | D:10     | Entered Level 10 of the Dungeon
 16204 | D:11     | Noticed a cyclops
 16627 | D:10     | Reached XP level 11. HP: 77/77 MP: 17/23
 16646 | D:11     | Noticed Sonja
 16676 | D:11     | Killed Sonja
 16982 | D:11     | Reached **** piety under Sif Muna
 17422 | D:11     | Killed a cyclops
 17964 | D:11     | Noticed Fannar
 17964 | D:11     | Noticed a hill giant
 17991 | D:10     | Killed a hill giant
 17991 | D:10     | Reached ***** piety under Sif Muna
 18056 | D:11     | Noticed a cyclops
 18078 | D:11     | HP: 3/77 [cyclops (30)]
 18079 | D:11     | Killed a cyclops
 18549 | D:11     | Noticed an unseen horror
 18560 | D:11     | Killed an unseen horror
 18560 | D:11     | Reached skill level 13 in Transmutations
 18656 | D:11     | Noticed a red ugly thing
 18675 | D:11     | Found a bloodstained altar of Trog.
 18770 | D:11     | Killed a red ugly thing
 19101 | D:11     | Killed Fannar
 19416 | D:12     | Noticed a four-headed hydra
 19900 | D:12     | Noticed Nessos
 19913 | D:12     | Killed Nessos
 19913 | D:12     | Reached ****** piety under Sif Muna
 19913 | D:12     | Received a gift from Sif Muna
 20170 | D:11     | Learned a level 7 spell: Dragon Form
 20170 | D:11     | Fell from the grace of Sif Muna
 20291 | D:9      | Learned a level 5 spell: Irradiate
 20309 | D:9      | Reached skill level 14 in Transmutations
 20329 | D:9      | Became a worshipper of Cheibriados the Contemplative
 20516 | D:12     | Reached * piety under Cheibriados
 20919 | D:12     | Reached ** piety under Cheibriados
 20919 | D:12     | Reached skill level 10 in Spellcasting
 20919 | D:12     | Reached XP level 12. HP: 71/83 MP: 18/26
 21187 | D:12     | Found a staircase to the Orcish Mines.
 21356 | D:12     | HP: 5/124 [freezing wraith (7)]
 21785 | D:12     | Reached *** piety under Cheibriados
 21848 | D:12     | Gained mutation: Your mind is acute. (Int +2) [potion of beneficial mutation]
 21875 | D:12     | Gained mutation: You are frail (-10% HP). [miscasting Irradiate]
 21885 | D:12     | Killed a nine-headed hydra
 22278 | D:12     | Learned a level 6 spell: Hydra Form
 22278 | D:12     | Lost mutation: You are frail (-10% HP). [miscasting Hydra Form]
 22793 | D:13     | Found a glowing golden altar of the Shining One.
 22800 | D:13     | Reached **** piety under Cheibriados
 22968 | D:13     | Gained mutation: You are clumsy. (Dex -2) [miscasting Dragon Form]
 22997 | D:13     | Gained mutation: Scrolls take you a little longer to read. [mutagenic glow]
 23199 | D:13     | Reached skill level 5 in Fighting
 23202 | D:13     | Noticed an ogre mage
 23203 | D:13     | Killed an ogre mage
 23204 | D:13     | Noticed a centaur warrior
 23211 | D:13     | Reached ***** piety under Cheibriados
 23217 | D:13     | Killed a centaur warrior
 23227 | D:13     | Found a gate to the Vaults.
 23316 | D:13     | Noticed a seven-headed hydra
 23344 | D:13     | Killed a seven-headed hydra
 23790 | D:13     | Reached XP level 13. HP: 107/107 MP: 23/27
 24065 | D:13     | Found Erphene's General Store.
 24077 | D:13     | Bought a potion of curing for 54 gold pieces
 24077 | D:13     | Bought a scroll of fear for 63 gold pieces
 24077 | D:13     | Bought a potion of curing for 54 gold pieces
 24135 | D:13     | Reached ****** piety under Cheibriados
 24180 | D:13     | Reached skill level 15 in Transmutations
 25434 | D:14     | Reached skill level 16 in Transmutations
 26447 | D:14     | Was forgiven by Sif Muna
 26857 | D:8      | Killed Musteatbrain's ghost
 26863 | Lair:1   | Entered Level 1 of the Lair of Beasts
 26997 | Lair:1   | Reached XP level 14. HP: 115/115 MP: 24/28
 28475 | Lair:2   | Noticed karlm's ghost (journeyman MiFi)
 28480 | Lair:2   | Killed karlm's ghost
 28829 | Lair:3   | Found a staircase to the Snake Pit.
 29238 | Lair:3   | Found a bloodstained altar of Trog.
 29879 | Lair:4   | Found a staircase to the Swamp.
 30650 | Lair:5   | Found a labyrinth entrance.
 30659 | Lab      | Entered a labyrinth
 30855 | Lab      | Found an exit through the horrors of the Abyss.
 30897 | Lab      | Reached skill level 17 in Transmutations
 31979 | Lair:6   | Identified the Tome of Confrontation
 32628 | Lair:7   | Reached skill level 10 in Unarmed Combat
 32675 | Lair:7   | Found a frozen archway.
 32693 | Lair:7   | Reached XP level 15. HP: 123/123 MP: 26/31
 32705 | IceCv    | Entered an ice cave
 33112 | Lair:7   | Learned a level 6 spell: Statue Form
 33123 | Lair:7   | Learned a level 3 spell: Teleport Other
 33221 | Lair:7   | Reached skill level 10 in Fighting
 33372 | Lair:7   | Found a staircase to the Slime Pits.
 33373 | Lair:7   | Found a viscous altar of Jiyva.
 33649 | Lair:8   | Entered Level 8 of the Lair of Beasts
 34195 | Lair:8   | Reached skill level 18 in Transmutations
 34541 | Lair:8   | Found a runed door.
 35364 | Lair:6   | Learned a level 2 spell: Blink
 35368 | Lair:6   | Learned a level 3 spell: Ozocubu's Armour
 35750 | Orc:1    | Entered Level 1 of the Orcish Mines
 35758 | Orc:1    | Reached skill level 1 in Ice Magic
 36174 | Orc:2    | Noticed Erolcha
 36184 | Orc:2    | Killed Erolcha
 36749 | Orc:3    | Found Anokhoas's Armour Shop.
 36810 | Orc:3    | Found a staircase to the Elven Halls.
 37278 | Orc:1    | Found a roughly hewn altar of Beogh.
 37447 | Orc:4    | Entered Level 4 of the Orcish Mines
 37510 | Orc:4    | Reached XP level 16. HP: 137/137 MP: 28/33
 37992 | Orc:4    | Found a roughly hewn altar of Beogh.
 38017 | Orc:4    | Found Uvoc's Antique Armour Emporium.
 38027 | Orc:4    | Found Qeyq's General Store.
 38048 | Orc:4    | Bought a potion of heal wounds for 80 gold pieces
 38056 | Orc:4    | Found Tutreug's Jewellery Emporium.
 38064 | Orc:4    | Bought the ring of the Dropbear {MR+ Dex+5} for 680 gold pieces
 38078 | Orc:4    | Found Faoneur's Antique Weapon Emporium.
 38103 | Orc:4    | Bought the +0 mask of the Dragon {MR+ Slay+3 SInv} for 1302 gold pieces
 38774 | Lair:1   | Learned a level 4 spell: Condensation Shield
 38838 | Snake:1  | Entered Level 1 of the Snake Pit
 38853 | Snake:1  | Noticed Roxanne
 38894 | Snake:1  | Killed Roxanne
 38897 | Snake:1  | Reached skill level 5 in Ice Magic
 39742 | Snake:2  | Found Plog's Book Boutique.
 40103 | Snake:2  | Found Garrunuw's Antique Weapon Shoppe.
 40128 | Snake:2  | Found Erileith's Armour Boutique.
 40170 | Snake:2  | Found Coqoc's Magic Scroll Emporium.
 40172 | Snake:2  | Bought a scroll of identify for 34 gold pieces
 40172 | Snake:2  | Bought a scroll of identify for 34 gold pieces
 40172 | Snake:2  | Bought a scroll of identify for 34 gold pieces
 40179 | Snake:2  | Found Hutsaq's Book Emporium.
 40311 | Snake:3  | Reached skill level 10 in Ice Magic
 40316 | Snake:3  | Reached skill level 1 in Invocations
 40440 | Snake:3  | Noticed Aizul
 40454 | Snake:3  | Killed Aizul
 40454 | Snake:3  | Reached skill level 5 in Invocations
 41137 | Snake:3  | Reached XP level 17. HP: 144/144 MP: 27/35
 41937 | Snake:4  | Entered Level 4 of the Snake Pit
 43296 | Snake:4  | Reached skill level 19 in Transmutations
 44287 | Snake:4  | Got a serpentine rune of Zot
 44503 | Swamp:1  | Entered Level 1 of the Swamp
 44931 | Swamp:2  | Noticed Louise
 44932 | Swamp:2  | Reached skill level 20 in Transmutations
 45156 | Swamp:2  | Reached XP level 18. HP: 157/157 MP: 33/36
 45245 | Swamp:2  | Killed Louise
 45360 | Swamp:4  | Entered Level 4 of the Swamp
 45495 | Swamp:4  | Reached skill level 10 in Dodging
 46216 | Swamp:4  | Noticed the 27-headed Lernaean hydra
 46237 | Swamp:4  | Killed the 27-headed Lernaean hydra
 46796 | Swamp:4  | Got a decaying rune of Zot
 47212 | Vaults:1 | Entered Level 1 of the Vaults
 47276 | Vaults:1 | Reached skill level 10 in Invocations
 48416 | Vaults:1 | Noticed a lich
 48426 | Vaults:1 | Killed a lich
 49146 | Vaults:1 | Reached XP level 19. HP: 162/163 MP: 27/37
 50323 | Vaults:2 | Noticed Nikola
 50578 | Vaults:1 | Killed Nikola
 50659 | Vaults:2 | Noticed Mara
 50876 | Vaults:2 | Noticed Alreadydead's illusion
 51121 | Vaults:2 | Noticed Alreadydead's illusion
 51131 | Vaults:1 | Noticed Alreadydead's illusion
 51152 | Vaults:2 | HP: 7/211 [harpy (shapeshifter) (6)]
 51157 | Vaults:2 | HP: 6/244 [poisoned by Mara]
 51158 | Vaults:2 | Slain by a slime creature

Action                   |  1- 3 |  4- 6 |  7- 9 | 10-12 | 13-15 | 16-18 | 19-21 || total
-------------------------+-------+-------+-------+-------+-------+-------+-------++-------
Melee: Unarmed           |   171 |   337 |   509 |   655 |  1309 |   815 |   123 ||  3919
 Cast: Spider Form       |     1 |     5 |     2 |       |       |       |       ||     8
       Sticks to Snakes  |       |    12 |    31 |    36 |     3 |    18 |       ||   100
       Blade Hands       |       |     1 |    36 |    51 |     4 |     1 |     1 ||    94
       Dragon Form       |       |       |       |    19 |    65 |    89 |    10 ||   183
       Hydra Form        |       |       |       |     5 |    29 |    20 |     5 ||    59
       Irradiate         |       |       |       |     1 |     7 |     1 |       ||     9
       Statue Form       |       |       |       |       |     2 |       |       ||     2
       Ozocubu's Armour  |       |       |       |       |     1 |    30 |     7 ||    38
       Teleport Other    |       |       |       |       |     1 |       |       ||     1
       Beastly Appendage |       |       |       |       |     1 |       |       ||     1
       Condensation Shie |       |       |       |       |       |    17 |     7 ||    24
Invok: Renounce Religion |       |       |       |     1 |       |       |       ||     1
       Temporal Distorti |       |       |       |       |       |     7 |       ||     7
       Step From Time    |       |       |       |       |       |     2 |     1 ||     3
 Abil: Breathe Frost     |       |       |     2 |     2 |       |     6 |       ||    10
       End Transformatio |       |       |       |     2 |     8 |     3 |       ||    13
Evoke: Wand              |       |       |       |       |     1 |     2 |       ||     3
  Use: Scroll            |     3 |     9 |     8 |    14 |    21 |    11 |       ||    66
       Potion            |       |       |       |     3 |       |     3 |       ||     6
 Stab: Sleeping          |     3 |     3 |     4 |     1 |    13 |       |     1 ||    25
       Distracted        |       |     1 |       |     1 |     4 |     4 |       ||    10
  Eat: Chunk             |     3 |    13 |    31 |    41 |    18 |     3 |       ||   109
       Fruit             |       |     2 |       |     3 |       |     4 |       ||     9
       Bread ration      |       |       |     1 |     2 |       |     1 |       ||     4
       Pizza             |       |       |     1 |     3 |     1 |     1 |       ||     6
       Beef jerky        |       |       |     1 |       |       |     6 |       ||     7
       Meat ration       |       |       |       |     1 |     1 |     1 |       ||     3
